[Event "42nd Olympiad Baku 2016 Open"]
[Site "Baku"]
[Date "2016.09.02"]
[Round "1.14"]
[White "Kjartansson, Gudmundur"]
[Black "Adebo, Muhaba Detamo"]
[Result "1-0"]
[ECO "A05"]
[WhiteElo "2442"]
[BlackElo "1944"]
[PlyCount "133"]
[EventDate "2016.??.??"]
[EventCountry "AZE"]
[WhiteTeam "Island"]
[BlackTeam "Äthiopien"]
[WhiteTeamCountry "ISL"]
[BlackTeamCountry "ETH"]
[TimeControl "40/5400+30:1800+30"]
[WhiteClock "0:04:44"]
[BlackClock "0:05:06"]

1. Nf3 {(00:00} Nf6 {(00:25} 2. c4 {(00:00} c5 {
(00:24} 3. g3 {(00:00} Nc6 {(01:03} 4. Bg2 {(00:
08} g6 {(00:15} 5. d4 {(01:06} cxd4 {(01:45} 6. Nxd4 {
(00:06} Nxd4 {(01:27} 7. Qxd4 {(00:05} Bg7 {(00:
15} 8. Nc3 {(00:42} O-O {(00:31} 9. O-O {(00:40} d6 {
(02:36} 10. Qd3 {(02:35} Rb8 {(04:33} 11. Bd2 {(
12:07} Bd7 {(09:20} 12. Rac1 {(03:55} Bc6 {(03:16} 13.
e4 {(00:41} Nd7 {(03:46} 14. Rfd1 {(03:16} f5 {(
13:41} 15. b4 {(03:43} b6 {(08:50} 16. f4 {(05:22} Rc8
{(04:20} 17. Be1 {(06:41} Nb8 {(04:22} 18. Nd5 {
(12:07} e6 {(06:52} 19. Ne3 {(02:12} Bxe4 {(04:
11} 20. Bxe4 {(00:50} fxe4 {(00:33} 21. Qxe4 {(08:09}
Qe7 {(03:21} 22. Rc2 {(03:31} Rcd8 {(04:30} 23. Rcd2 {
(07:26} Rd7 {(01:19} 24. Rd3 {(00:57} Na6 {(02:
03} 25. Ra3 {(07:54} Nb8 {(00:42} 26. Bc3 {(01:26}
Bxc3 {(01:18} 27. Rxc3 {(00:04} Na6 {(00:26} 28. a3 {
(00:14} Nc7 {(01:44} 29. Rcd3 {(00:37} Rfd8 {(
01:03} 30. Kg2 {(07:22} Ne8 {(01:31} 31. Rd4 {(01:31}
Nf6 {(01:13} 32. Qf3 {(01:47} Ne8 {(03:11} 33. R1d2 {
(00:48} Nf6 {(01:28} 34. R2d3 {(01:40} Ne8 {(00:
22} 35. Nd1 {(00:57} Rc7 {(01:25} 36. Rd2 {(02:47}
Rdc8 {(01:26} 37. Ne3 {(02:04} Rd7 {(01:00} 38. Ng4 {
(01:52} Rcd8 {(04:07} 39. Qd1 {(00:44} Qg7 {(00:
58} 40. c5 {(00:00} Qe7 {(00:00} 41. Ne5 {(04:19} bxc5
{(12:06} 42. bxc5 {(00:22} d5 {(04:47} 43. Nxd7 {
(01:01} Rxd7 {(01:03} 44. Rc2 {(01:50} Rc7 {(00:
25} 45. Qe2 {(02:25} Kf7 {(00:31} 46. Rb4 {(04:32} Qd7
{(04:48} 47. Qb5 {(06:48} Qxb5 {(00:46} 48. Rxb5 {
(00:04} Nd6 {(00:13} 49. Rb8 {(04:08} Nc4 {(01:
14} 50. Kf2 {(01:45} a5 {(01:20} 51. a4 {(03:15} Kg7 {
(03:44} 52. Rb5 {(01:45} Kf7 {(00:15} 53. Ke2 {(
01:15} Na3 {(01:20} 54. Rc1 {(00:47} Nc4 {(02:27} 55.
Kd3 {(00:37} Kf6 {(00:24} 56. Rxc4 {(01:33} dxc4+ {
(00:59} 57. Kxc4 {(00:07} e5 {(00:10} 58. fxe5+ {
(00:25} Kxe5 {(00:03} 59. Rb2 {(01:14} Ke6 {(00:
43} 60. Rd2 {(00:19} Rb7 {(00:24} 61. c6 {(00:29} Rb1
{(01:50} 62. Kc5 {(00:22} Rc1+ {(01:53} 63. Kb6 {
(00:06} Rb1+ {(00:01} 64. Kxa5 {(00:13} Rc1 {(
00:02} 65. Kb6 {(00:20} Rb1+ {(00:01} 66. Kc7 {(00:10}
Rc1 {(00:53} 67. a5 {(00:29} 1-0

[Event "42nd Olympiad Baku 2016 Open"]
[Site "Baku"]
[Date "2016.09.02"]
[Round "1.10"]
[White "Knowles, Kendrick"]
[Black "Damaso, Rui"]
[Result "0-1"]
[ECO "E67"]
[WhiteElo "1825"]
[BlackElo "2444"]
[PlyCount "62"]
[EventDate "2016.??.??"]
[EventCountry "AZE"]
[WhiteTeam "Bahamas"]
[BlackTeam "Portugal"]
[WhiteTeamCountry "BAH"]
[BlackTeamCountry "POR"]
[TimeControl "40/5400+30:1800+30"]
[WhiteClock "0:12:37"]
[BlackClock "0:30:48"]

1. d4 {(00:00} d6 {(00:14} 2. Nf3 {(02:13} Nf6 {
(00:15} 3. g3 {(00:44} g6 {(03:32} 4. Bg2 {(00:
14} Bg7 {(00:04} 5. c4 {(00:10} O-O {(01:03} 6. Nc3 {
(00:32} Nbd7 {(01:45} 7. O-O {(00:40} e5 {(00:
16} 8. b3 {(04:10} Re8 {(02:44} 9. dxe5 {(04:45} dxe5
{(00:28} 10. e4 {(01:06} c6 {(11:23} 11. Qc2 {(
02:55} Nc5 {(05:21} 12. Rd1 {(03:39} Qc7 {(00:31} 13.
Ba3 {(01:49} Bf8 {(06:24} 14. b4 {(08:55} Ne6 {(
01:15} 15. Rd2 {(14:46} a5 {(05:31} 16. Qb2 {(02:40}
axb4 {(01:55} 17. Bxb4 {(00:28} Nc5 {(00:52} 18. Qc2 {
(06:50} Nfxe4 {(04:34} 19. Nxe4 {(07:35} Nxe4 {(
01:08} 20. Qxe4 {(08:17} Bxb4 {(00:13} 21. Re2 {(00:44]
} Bf5 {(06:32} 22. Qe3 {(01:34} e4 {(05:20} 23. Nh4 {
(01:28} Bg4 {(01:41} 24. Rb2 {(00:51} Qe5 {(01:
58} 25. Rab1 {(01:51} Bc5 {(02:01} 26. Qh6 {(08:19} e3
{(04:49} 27. Bf3 {(04:08} exf2+ {(01:13} 28. Rxf2 {
(00:41} Bxf2+ {(00:33} 29. Kxf2 {(00:11} Rxa2+ {
(00:08} 30. Kf1 {(00:13} Bxf3 {(00:51} 31. Nxf3 {
(00:25} Qe2+ {(00:08} 0-1

[Event "42nd Olympiad Baku 2016 Open"]
[Site "Baku"]
[Date "2016.09.02"]
[Round "1.5"]
[White "Kongsee, Uaychai"]
[Black "Meier, Georg"]
[Result "1/2-1/2"]
[ECO "C10"]
[WhiteElo "2285"]
[BlackElo "2654"]
[PlyCount "98"]
[EventDate "2016.??.??"]
[EventCountry "AZE"]
[WhiteTeam "Thailand"]
[BlackTeam "Deutschland"]
[WhiteTeamCountry "THA"]
[BlackTeamCountry "GER"]
[TimeControl "40/5400+30:1800+30"]
[WhiteClock "0:20:51"]
[BlackClock "0:21:06"]

1. e4 {(00:00} e6 {(00:00} 2. d4 {(00:00} d5 {(
00:00} 3. Nc3 {(00:00} dxe4 {(00:24} 4. Nxe4 {(00:09}
Nd7 {(00:04} 5. Nf3 {(00:07} Ngf6 {(00:06} 6. Bd3 {
(00:11} c5 {(00:18} 7. O-O {(03:06} Nxe4 {(00:
24} 8. Bxe4 {(00:09} Nf6 {(00:03} 9. Bg5 {(05:19} cxd4
{(00:11} 10. Nxd4 {(03:23} Be7 {(00:07} 11. Bd3 {
(01:55} O-O {(02:16} 12. c3 {(02:25} Qd5 {(00:
46} 13. Bxf6 {(03:11} Bxf6 {(01:34} 14. Qc2 {(00:26}
g6 {(06:00} 15. Be4 {(01:03} Qc4 {(18:41} 16. Rfd1 {
(04:14} a6 {(07:26} 17. Qd3 {(14:56} Qc7 {(01:
40} 18. Nb3 {(00:31} Rd8 {(22:09} 19. Qg3 {(08:10}
Qxg3 {(02:15} 20. hxg3 {(00:21} Kf8 {(00:50} 21. Na5 {
(06:47} Rb8 {(04:27} 22. Nc4 {(04:03} b5 {(03:
37} 23. Rxd8+ {(03:56} Bxd8 {(00:24} 24. Rd1 {(03:46}
Bf6 {(07:13} 25. Na5 {(04:34} Rb6 {(02:46} 26. c4 {
(03:46} bxc4 {(03:04} 27. Nxc4 {(00:09} Rb4 {(
00:38} 28. b3 {(03:42} Ke7 {(03:29} 29. Bc6 {(02:06}
Rb8 {(01:39} 30. f3 {(08:47} h5 {(00:25} 31. Kf2 {
(00:14} Bc3 {(02:35} 32. Rd3 {(00:20} Ba1 {(02:
57} 33. f4 {(01:29} f6 {(00:20} 34. Be4 {(01:36} e5 {
(00:49} 35. Bxg6 {(01:58} Bd4+ {(00:34} 36. Kf1 {
(03:18} Bg4 {(01:19} 37. Ne3 {(01:55} Rc8 {(01:
13} 38. Nxg4 {(02:13} hxg4 {(00:21} 39. Bf5 {(00:50}
Rc2 {(02:26} 40. Bxg4 {(00:00} Rf2+ {(00:00} 41. Ke1 {
(02:00} Rxa2 {(03:09} 42. fxe5 {(01:43} fxe5 {(
00:59} 43. Bf3 {(06:13} Bf2+ {(03:21} 44. Kd1 {(00:12}
Bxg3 {(00:28} 45. Rd2 {(00:11} Ra1+ {(02:48} 46. Kc2 {
(00:14} a5 {(00:17} 47. Re2 {(06:02} Kf6 {(01:
09} 48. Re4 {(00:31} Bf4 {(05:13} 49. Ra4 {(01:28}
Rxa4 1/2-1/2

[Event "42nd Olympiad Baku 2016 Open"]
[Site "Baku"]
[Date "2016.09.02"]
[Round "1.19"]
[White "Korobov, Anton"]
[Black "Ahmad, Al Khatib"]
[Result "1-0"]
[ECO "E73"]
[WhiteElo "2675"]
[BlackElo "2253"]
[PlyCount "81"]
[EventDate "2016.??.??"]
[EventCountry "AZE"]
[WhiteTeam "Ukraine"]
[BlackTeam "Jordanien"]
[WhiteTeamCountry "UKR"]
[BlackTeamCountry "JOR"]
[TimeControl "40/5400+30:1800+30"]
[WhiteClock "1:00:16"]
[BlackClock "0:30:35"]

1. d4 {(00:00} Nf6 {(00:00} 2. c4 {(00:00} g6 {(
00:00} 3. Nc3 {(00:00} Bg7 {(00:00} 4. e4 {(00:08} d6
{(00:01} 5. Be2 {(00:16} O-O {(00:38} 6. Bg5 {(
00:24} Na6 {(00:55} 7. Qd2 {(00:10} e5 {(01:13} 8. d5
{(00:19} Qe8 {(00:53} 9. Bd1 {(02:27} c6 {(02:
53} 10. Nge2 {(03:43} cxd5 {(01:20} 11. cxd5 {(00:09}
Nh5 {(03:52} 12. Ng3 {(12:03} Nxg3 {(40:19} 13. hxg3 {
(00:15} f6 {(01:23} 14. Be3 {(06:49} f5 {(01:40]
} 15. exf5 {(01:55} gxf5 {(00:18} 16. Bg5 {(01:26} e4 {
(22:04} 17. Bh6 {(08:22} Qe7 {(11:31} 18. Bxg7 {
(05:43} Qxg7 {(00:26} 19. Be2 {(01:40} Bd7 {(02:
52} 20. Qf4 {(04:06} Rac8 {(03:40} 21. Rc1 {(02:28}
Rf6 {(03:06} 22. O-O {(07:18} Nc5 {(00:22} 23. Rfd1 {
(00:43} a5 {(01:00} 24. Rd2 {(02:40} Rh6 {(00:
57} 25. Nd1 {(01:43} Qg6 {(00:33} 26. Ne3 {(01:24} Rf8
{(00:32} 27. Rxc5 {(02:01} dxc5 {(00:12} 28. d6 {
(00:05} Be6 {(00:46} 29. d7 {(01:15} Rd8 {(00:
14} 30. Qc7 {(02:06} Qf6 {(00:36} 31. Rd6 {(03:27} Qe7
{(00:42} 32. Bb5 {(00:07} f4 {(00:23} 33. gxf4 {
(01:29} Qh4 {(00:37} 34. Kf1 {(00:06} Qh1+ {(00:
31} 35. Ke2 {(00:02} Qh5+ {(00:23} 36. Ke1 {(00:43}
Qh1+ {(00:31} 37. Bf1 {(00:58} Qh4 {(00:08} 38. f5 {
(00:19} Rxd7 {(00:49} 39. Qb8+ {(00:48} Kg7 {(
00:39} 40. fxe6 {(00:00} Rf6 {(00:00} 41. Rxd7+ {(00:
37} 1-0

[Event "42nd Olympiad Baku 2016 Open"]
[Site "Baku"]
[Date "2016.09.02"]
[Round "1.35"]
[White "Koster, Jeroen Louis"]
[Black "Ismagambetov, Anuar"]
[Result "0-1"]
[ECO "A22"]
[WhiteElo "1879"]
[BlackElo "2542"]
[PlyCount "30"]
[EventDate "2016.??.??"]
[EventCountry "AZE"]
[WhiteTeam "Mauritius"]
[BlackTeam "Kasachstan"]
[WhiteTeamCountry "MRI"]
[BlackTeamCountry "KAZ"]
[TimeControl "40/5400+30:1800+30"]
[WhiteClock "0:26:39"]
[BlackClock "0:51:37"]

1. c4 {(00:14} Nf6 {(00:50} 2. Nc3 {(03:23} e5 {
(00:44} 3. g3 {(01:24} c6 {(02:26} 4. Bg2 {(14:
09} d5 {(02:18} 5. d3 {(16:17} d4 {(08:48} 6. Ne4 {
(03:54} Nxe4 {(00:23} 7. Bxe4 {(00:02} Be7 {(02:
20} 8. e3 {(12:40} O-O {(05:14} 9. Ne2 {(03:10} dxe3 {
(05:30} 10. Bxe3 {(01:36} Na6 {(07:02} 11. Qc2 {
(04:44} f5 {(01:13} 12. Bg2 {(02:38} Nb4 {(02:
24} 13. Qb3 {(01:30} Nxd3+ {(04:33} 14. Kf1 {(00:19}
f4 {(01:17} 15. Be4 {(04:51} Bh3+ {(00:51} 0-1

[Event "42nd Olympiad Baku 2016 Open"]
[Site "Baku"]
[Date "2016.09.02"]
[Round "1.6"]
[White "Kovalev, Vladislav"]
[Black "Almedina Ortiz, Edgardo J"]
[Result "1-0"]
[ECO "C50"]
[WhiteElo "2599"]
[BlackElo "2215"]
[PlyCount "45"]
[EventDate "2016.??.??"]
[EventCountry "AZE"]
[WhiteTeam "Weißrussland"]
[BlackTeam "Puerto Rico"]
[WhiteTeamCountry "BLR"]
[BlackTeamCountry "PUR"]
[TimeControl "40/5400+30:1800+30"]
[WhiteClock "1:03:08"]
[BlackClock "0:29:32"]

1. e4 {(00:00} e5 {(00:00} 2. Nf3 {(00:00} Nc6 {
(00:00} 3. Bc4 {(00:00} a6 {(00:00} 4. O-O {(02:
00} Be7 {(02:49} 5. d4 {(00:57} d6 {(00:31} 6. dxe5 {
(04:51} Nxe5 {(01:51} 7. Nxe5 {(00:14} dxe5 {(
00:03} 8. Qh5 {(00:26} g6 {(07:14} 9. Qxe5 {(00:27}
Nf6 {(00:07} 10. Bh6 {(01:25} Qd6 {(00:42} 11. Qxd6 {
(03:28} cxd6 {(00:03} 12. Nc3 {(01:52} Be6 {(02:
36} 13. Bb3 {(02:44} O-O-O {(08:33} 14. Rad1 {(00:34}
Rhe8 {(00:40} 15. Be3 {(01:35} Bxb3 {(11:05} 16. axb3 {
(00:19} Kc7 {(00:21} 17. f3 {(01:30} Kc6 {(05:
25} 18. Bd4 {(03:50} Rc8 {(10:55} 19. Rd2 {(03:51} Nd7
{(02:02} 20. Nd5 {(01:14} Nc5 {(05:47} 21. Rfd1 {
(02:52} Bd8 {(03:28} 22. Bf2 {(01:37} Re6 {(07:
16} 23. Nf4 {(02:36} 1-0

[Event "42nd Olympiad Baku 2016 Open"]
[Site "Baku"]
[Date "2016.09.02"]
[Round "1.27"]
[White "Kozul, Zdenko"]
[Black "Kassis, Antoine"]
[Result "1-0"]
[ECO "E90"]
[WhiteElo "2622"]
[BlackElo "2149"]
[PlyCount "93"]
[EventDate "2016.??.??"]
[EventCountry "AZE"]
[WhiteTeam "Kroatien"]
[BlackTeam "Frankreich"]
[WhiteTeamCountry "CRO"]
[BlackTeamCountry "FRA"]
[TimeControl "40/5400+30:1800+30"]
[WhiteClock "0:40:58"]
[BlackClock "0:29:29"]

1. d4 {(00:00} Nf6 {(00:08} 2. c4 {(00:00} g6 {(
00:17} 3. Nc3 {(00:00} Bg7 {(00:07} 4. e4 {(00:02} d6
{(00:07} 5. Nf3 {(01:48} O-O {(00:09} 6. h3 {(
00:06} c5 {(00:46} 7. d5 {(00:42} e6 {(00:45} 8. Bd3 {
(00:15} exd5 {(00:53} 9. exd5 {(00:10} Re8+ {(
03:15} 10. Be3 {(00:28} Na6 {(19:45} 11. O-O {(02:36}
Nc7 {(00:15} 12. a4 {(06:39} Nd7 {(09:49} 13. Qd2 {
(01:21} Ne5 {(01:03} 14. Nxe5 {(00:11} Bxe5 {(
00:06} 15. Bg5 {(03:08} f6 {(04:30} 16. Bh4 {(03:23}
Qe7 {(20:57} 17. Kh1 {(24:27} Qf8 {(06:18} 18. f4 {
(06:09} Qh6 {(06:59} 19. Ne4 {(04:55} Qxh4 {(01:
47} 20. fxe5 {(00:10} Rxe5 {(03:17} 21. Rf4 {(01:39}
Qh6 {(00:56} 22. Nxf6+ {(01:48} Kh8 {(02:36} 23. Qf2 {
(02:55} g5 {(10:09} 24. Rf3 {(04:01} Re7 {(03:
36} 25. Re1 {(05:24} Rxe1+ {(02:03} 26. Qxe1 {(00:09}
g4 {(01:00} 27. Qe3 {(04:52} Qxe3 {(00:36} 28. Rxe3 {
(00:07} Kg7 {(00:50} 29. Nxg4 {(01:00} Bxg4 {(
00:20} 30. Re7+ {(00:06} Kf6 {(00:23} 31. Rxc7 {(00:06]
} Bd1 {(00:15} 32. Rxb7 {(02:34} h5 {(00:57} 33. a5 {
(00:26} Ke5 {(00:23} 34. Kg1 {(00:35} Kd4 {(00:
47} 35. Bf1 {(00:11} Bc2 {(00:40} 36. a6 {(00:59} Bd1
{(00:42} 37. Kf2 {(02:32} Bc2 {(00:24} 38. Be2 {
(02:09} h4 {(00:34} 39. Rf7 {(06:27} Rb8 {(00:
34} 40. Rxa7 {(00:00} Rxb2 {(00:00} 41. Re7 {(00:32}
Ra2 {(00:56} 42. a7 {(00:11} Bd3 {(01:31} 43. Kf3 {
(04:35} Bxe2+ {(00:36} 44. Rxe2 {(00:06} Rxa7 {(
00:03} 45. Re4+ {(01:52} Kd3 {(00:48} 46. Rxh4 {(00:08]
} Rf7+ {(00:39} 47. Kg3 {(00:38} 1-0

[Event "42nd Olympiad Baku 2016 Open"]
[Site "Baku"]
[Date "2016.09.02"]
[Round "1.12"]
[White "Krnan, Tomas"]
[Black "Huguet, Sergio"]
[Result "1-0"]
[ECO "C18"]
[WhiteElo "2430"]
[BlackElo "2099"]
[PlyCount "143"]
[EventDate "2016.??.??"]
[EventCountry "AZE"]
[WhiteTeam "Kanada"]
[BlackTeam "Honduras"]
[WhiteTeamCountry "CAN"]
[BlackTeamCountry "HON"]
[TimeControl "40/5400+30:1800+30"]
[WhiteClock "0:08:20"]
[BlackClock "0:06:22"]

1. e4 {(00:00} e6 {(00:00} 2. d4 {(00:00} d5 {(
00:20} 3. Nc3 {(00:00} Bb4 {(01:05} 4. e5 {(01:30} c5
{(00:46} 5. a3 {(00:25} Bxc3+ {(00:33} 6. bxc3 {
(00:06} Qa5 {(00:45} 7. Bd2 {(04:15} Qa4 {(00:
43} 8. Qg4 {(06:36} g6 {(02:02} 9. Ra2 {(02:28} Nc6 {
(02:52} 10. Nf3 {(01:26} Nge7 {(08:20} 11. Qf4 {
(03:31} h6 {(15:00} 12. h4 {(17:10} Bd7 {(05:33]
} 13. dxc5 {(03:34} Qxf4 {(02:57} 14. Bxf4 {(00:05} Rc8
{(05:17} 15. Rb2 {(07:39} Na5 {(04:36} 16. Be3 {
(00:54} Nf5 {(10:40} 17. Bd4 {(00:39} h5 {(01:
58} 18. Bd3 {(05:07} Rc7 {(03:51} 19. Nd2 {(13:34} Ke7
{(07:21} 20. f3 {(01:13} Nc6 {(03:15} 21. Nb3 {(
01:19} a5 {(01:50} 22. a4 {(05:38} Ncxd4 {(02:54} 23.
cxd4 {(00:33} Bxa4 {(00:28} 24. Bxf5 {(00:23} gxf5 {
(03:04} 25. Kf2 {(03:11} Bxb3 {(01:29} 26. Rxb3 {
(00:54} Ra8 {(00:49} 27. Rhb1 {(03:29} Ra7 {(01:
29} 28. Ra3 {(02:00} Rc6 {(01:25} 29. Ke3 {(03:52} f6
{(02:22} 30. Kf4 {(02:14} Kf7 {(00:58} 31. Rab3 {
(05:40} Rc7 {(00:56} 32. Ra1 {(01:02} Rc6 {(01:
22} 33. Ra4 {(00:52} Ke7 {(01:21} 34. Rb5 {(01:29}
Rca6 {(01:31} 35. Ra1 {(00:51} fxe5+ {(04:48} 36. Kxe5
{(00:16} a4 {(00:22} 37. Rab1 {(01:49} a3 {(00:
38} 38. Rxb7+ {(00:17} Rxb7 {(00:16} 39. Rxb7+ {(00:05]
} Kd8 {(00:50} 40. Rb1 {(00:00} a2 {(00:00} 41. Ra1 {
(03:26} Kc7 {(09:08} 42. Kf6 {(05:04} Kd7 {(03:
36} 43. Kg5 {(01:27} Kc6 {(03:18} 44. Kxh5 {(00:15}
Kb5 {(00:13} 45. g4 {(02:02} fxg4 {(00:29} 46. fxg4 {
(00:14} Kb4 {(02:26} 47. g5 {(09:17} Kc3 {(00:
41} 48. g6 {(02:03} Kb2 {(00:11} 49. Rxa2+ {(00:09}
Rxa2 {(00:27} 50. g7 {(00:08} Ra8 {(00:18} 51. Kg6 {
(00:35} e5 {(00:31} 52. dxe5 {(01:40} d4 {(00:
56} 53. Kh7 {(01:23} Kxc2 {(01:17} 54. g8=Q {(00:08}
Rxg8 {(00:23} 55. Kxg8 {(00:03} d3 {(00:16} 56. c6 {
(00:05} d2 {(00:06} 57. c7 {(00:03} d1=Q {(00:
10} 58. c8=Q+ {(00:05} Kb2 {(00:34} 59. Qb7+ {(00:45}
Ka1 {(01:47} 60. Qa6+ {(04:00} Kb2 {(01:18} 61. Qb6+ {
(01:16} Ka1 {(00:59} 62. Qa5+ {(02:24} Kb2 {(00:
39} 63. Qb4+ {(00:14} Ka1 {(00:40} 64. e6 {(00:59} Qd3
{(05:13} 65. Qe1+ {(01:41} Kb2 {(00:25} 66. Qf2+ {
(00:13} Kb1 {(00:58} 67. Qf6 {(00:40} Qd6 {(02:
00} 68. Kf7 {(00:34} Qc7+ {(00:31} 69. e7 {(00:15} Kc1
{(00:51} 70. Kf8 {(00:16} Qc5 {(01:57} 71. Qg5+ {
(00:06} Qxg5 {(00:04} 72. hxg5 {(00:04} 1-0

[Event "42nd Olympiad Baku 2016 Open"]
[Site "Baku"]
[Date "2016.09.02"]
[Round "1.14"]
[White "Manoj Kumar, Paramesweran"]
[Black "Atabayev, Yusup"]
[Result "0-1"]
[ECO "E10"]
[WhiteElo "2260"]
[BlackElo "2453"]
[PlyCount "42"]
[EventDate "2016.??.??"]
[EventCountry "AZE"]
[WhiteTeam "Indien"]
[BlackTeam "Turkmenistan"]
[WhiteTeamCountry "IND"]
[BlackTeamCountry "TKM"]
[TimeControl "40/5400+30:1800+30"]
[WhiteClock "0:08:13"]
[BlackClock "0:49:17"]

1. d4 {(00:00} Nf6 {(00:00} 2. c4 {(00:00} e6 {(
00:13} 3. Nf3 {(01:19} c5 {(00:47} 4. d5 {(01:47} b5 {
(00:20} 5. b3 {(09:40} Bb7 {(03:31} 6. dxe6 {(
11:35} fxe6 {(00:13} 7. e3 {(02:16} Be7 {(03:41} 8.
Nbd2 {(11:33} O-O {(09:08} 9. Bb2 {(06:48} bxc4 {
(14:08} 10. Bxc4 {(03:00} d5 {(00:56} 11. Be2 {(
00:03} Nc6 {(03:47} 12. O-O {(00:07} Bd6 {(00:53} 13.
Bxf6 {(18:03} Qxf6 {(01:48} 14. e4 {(00:04} Ne5 {
(05:31} 15. exd5 {(01:44} Bxd5 {(01:37} 16. Nxe5 {
(12:36} Bxe5 {(01:57} 17. Rc1 {(00:25} Qh6 {(00:
32} 18. g3 {(01:02} Qh3 {(00:48} 19. Bf3 {(00:56} Rxf3
{(00:16} 20. Nxf3 {(00:54} Rf8 {(00:22} 21. Ne1 {
(08:25} Bxg3 {(00:45} 0-1

[Event "42nd Olympiad Baku 2016 Open"]
[Site "Baku"]
[Date "2016.09.02"]
[Round "1.38"]
[White "L'Ami, Erwin"]
[Black "Choukri, Adel"]
[Result "1-0"]
[ECO "E73"]
[WhiteElo "2611"]
[BlackElo "2269"]
[PlyCount "73"]
[EventDate "2016.??.??"]
[EventCountry "AZE"]
[WhiteTeam "Niederlande"]
[BlackTeam "Marokko"]
[WhiteTeamCountry "NED"]
[BlackTeamCountry "MAR"]
[TimeControl "40/5400+30:1800+30"]
[WhiteClock "0:11:32"]
[BlackClock "0:00:33"]

1. d4 {(00:00} Nf6 {(00:09} 2. c4 {(00:00} g6 {(
00:38} 3. Nc3 {(00:31} Bg7 {(00:26} 4. e4 {(00:10} d6
{(00:07} 5. Be2 {(00:42} O-O {(00:22} 6. Be3 {(
00:06} Nbd7 {(06:36} 7. Nf3 {(02:54} c5 {(03:26} 8.
O-O {(07:35} Re8 {(15:02} 9. d5 {(05:54} a6 {(
10:09} 10. a4 {(01:57} b6 {(04:30} 11. Nd2 {(03:32}
Nf8 {(06:47} 12. f4 {(10:26} e6 {(01:38} 13. Bf2 {
(01:14} exd5 {(05:04} 14. cxd5 {(00:10} Qc7 {(
03:36} 15. Re1 {(07:58} Kh8 {(05:10} 16. Bf3 {(03:03}
Rb8 {(08:42} 17. Bg3 {(07:30} N6d7 {(05:13} 18. Be2 {
(02:31} f6 {(10:39} 19. Kh1 {(03:57} g5 {(01:58]
} 20. Bh5 {(06:39} Re7 {(01:04} 21. e5 {(02:19} dxe5 {
(05:31} 22. Nde4 {(01:50} Qd8 {(00:48} 23. d6 {(
02:12} Re6 {(00:10} 24. f5 {(00:19} Re8 {(00:01} 25.
Nd5 {(00:27} Ng6 {(03:27} 26. fxg6 {(02:22} f5 {
(00:06} 27. Nec3 {(01:52} Re6 {(01:35} 28. Nc7 {
(01:23} Rf6 {(00:35} 29. gxh7 {(00:57} Rh6 {(00:
28} 30. Bf7 {(02:24} f4 {(00:14} 31. Bf2 {(00:22} Nf6
{(00:42} 32. Be6 {(03:04} g4 {(00:26} 33. Kg1 {(
00:41} Bb7 {(00:30} 34. Bf5 {(06:04} e4 {(00:39} 35.
Ne6 {(02:49} Qe8 {(00:24} 36. Nxf4 {(00:45} Qe5 {
(00:35} 37. Ng6+ {(00:19} 1-0

[Event "42nd Olympiad Baku 2016 Open"]
[Site "Baku"]
[Date "2016.09.02"]
[Round "1.4"]
[White "Latorre, Matias"]
[Black "Al Khateeb, Taher"]
[Result "1-0"]
[ECO "D02"]
[WhiteElo "2318"]
[BlackElo "2002"]
[PlyCount "149"]
[EventDate "2016.??.??"]
[EventCountry "AZE"]
[WhiteTeam "Paraguay"]
[BlackTeam "Kuwait"]
[WhiteTeamCountry "PAR"]
[BlackTeamCountry "KUW"]
[TimeControl "40/5400+30:1800+30"]
[WhiteClock "0:02:55"]
[BlackClock "0:01:02"]

1. d4 {(00:00} d5 {(00:00} 2. Nf3 {(03:07} c6 {(
00:43} 3. e3 {(03:57} e6 {(02:39} 4. Bd3 {(01:11} f5 {
(01:05} 5. c4 {(10:41} Nf6 {(01:52} 6. O-O {(00:
36} Bd6 {(00:35} 7. b3 {(00:04} Qe7 {(00:16} 8. Bb2 {
(00:07} O-O {(00:46} 9. Qc1 {(00:03} b6 {(04:25]
} 10. Ba3 {(00:16} Ne4 {(10:41} 11. Bxd6 {(05:18} Qxd6
{(02:50} 12. Qa3 {(00:04} Qxa3 {(29:40} 13. Nxa3 {
(00:07} Nd7 {(00:14} 14. cxd5 {(13:46} exd5 {(
03:08} 15. Rac1 {(00:57} Bb7 {(00:14} 16. Nb1 {(08:48}
Rac8 17. Nc3 {(04:07} h6 {(15:44} 18. Ne2 {(12:46} Rf6
{(21:34} 19. b4 {(15:29} g6 {(00:25} 20. a4 {(
01:16} Kg7 {(00:19} 21. a5 {(00:36} c5 {(02:15} 22. a6
{(10:23} Ba8 {(00:01} 23. b5 {(00:20} Ng5 {(01:
17} 24. Nd2 {(02:31} c4 {(00:39} 25. Bc2 {(00:46} Ne6
{(00:26} 26. Nc3 {(02:03} Nc7 {(00:10} 27. f4 {(
01:43} Re6 {(00:09} 28. Rce1 {(00:41} Rce8 {(00:10}
29. Kf2 {(00:44} Nf6 {(00:15} 30. h3 {(00:03} Ne4+ {
(00:46} 31. Bxe4 {(00:25} fxe4 {(01:31} 32. g4 {
(00:41} Rf6 {(00:09} 33. Kg2 {(00:43} Ref8 {(00:
31} 34. Ndb1 {(01:00} R8f7 {(00:32} 35. Na3 {(00:20}
Kf8 {(00:47} 36. Nc2 {(00:19} Ke7 {(00:09} 37. Re2 {
(01:10} Rf8 {(00:34} 38. Ref2 {(00:17} Ke6 {(00:
27} 39. Nb4 {(00:28} R8f7 {(00:21} 40. Nba2 {(00:00}
Rf8 {(00:00} 41. Nc1 {(05:13} Ne8 {(04:52} 42. N1e2 {
(00:35} Nd6 {(03:58} 43. Ng3 {(00:55} R6f7 {(03:
08} 44. h4 {(09:57} Ke7 {(06:31} 45. Kh3 {(05:31} Ne8
{(03:52} 46. h5 {(06:26} gxh5 {(07:35} 47. Nxh5 {
(00:03} Nf6 {(02:27} 48. Nxf6 {(00:59} Rxf6 {(
00:16} 49. Kg3 {(01:37} Rg8 {(00:21} 50. Rh1 {(00:26}
Rfg6 {(00:16} 51. Rh4 {(00:13} Rf6 {(03:17} 52. Kh3 {
(01:19} Kd6 {(00:16} 53. Rg2 {(00:25} Rfg6 {(00:
16} 54. Rh5 {(00:09} Rf8 {(00:48} 55. Kh4 {(00:57} Rf7
{(00:37} 56. f5 {(02:16} Rgf6 {(00:17} 57. g5 {(
00:36} hxg5+ {(00:49} 58. Rgxg5 {(00:03} Bc6 {(00:23}
59. bxc6 {(01:02} Kxc6 {(00:01} 60. Rg6 {(00:25} b5 61.
Rhh6 {(01:16} Rxg6 {(01:15} 62. Rxg6+ {(01:20} Kd7 {
(00:08} 63. Nxb5 {(00:50} Rxf5 {(00:19} 64. Nc3 {
(00:36} Rf1 {(01:19} 65. Rg5 {(00:40} Rh1+ {(00:
39} 66. Kg4 {(00:04} Rg1+ {(00:19} 67. Kf4 {(00:27}
Rf1+ {(00:32} 68. Ke5 {(00:20} Ra1 {(00:14} 69. Rg7+ {
(00:14} Kc6 {(00:15} 70. Nxd5 {(00:32} Kb5 {(00:
57} 71. Rxa7 {(00:39} Ra3 {(00:36} 72. Rc7 {(00:18}
Rxa6 {(00:36} 73. Rc5+ {(00:05} Ka4 {(00:17} 74. Rxc4+
{(00:05} Kb3 {(00:13} 75. Rc5 {(00:09} 1-0